 Dungeon Crawl Stone Soup version 0.29-a0-857-g9b1aa3ac5b (webtiles) character file.

Game seed: 8329195160292766736

247 nxtlvl the Cutter (level 5, -2/31 HPs)
             Began as a Deep Elf Monk on July 17, 2022.
             Slain by a gnoll
             ... wielding a +0 halberd
              (5 damage)
             ... on level 3 of the Dungeon.
             The game lasted 00:14:34 (1767 turns).

nxtlvl the Cutter (Deep Elf Monk)                   Turns: 1767, Time: 00:14:34

Health: -2/31      AC:  4    Str:  9    XL:     5   Next: 85%
Magic:  0/16       EV: 13    Int: 14    God:
Gold:   160        SH:  0    Dex: 17    Spells: 4/4 levels left

rFire   . . .      SeeInvis .   a - +0 short sword
rCold   . . .      Faith    .   (no shield)
rNeg    . . .      Spirit   +   b - +0 robe
rPois   .          Reflect  .   (no helmet)
rElec   .          Harm     .   (no cloak)
rCorr   .          Rampage  .   (no gloves)
Will    .....                   c - +1 pair of boots of Beevest {Str+3 Int-3}
Stlth   ++........              i - amulet of guardian spirit
HPRegen 0.10/turn               l - ring of magical power
MPRegen 0.15/turn               (no ring)

@: attractive, unable to read
A: weak 1, inability to read while threatened 1
a: no special abilities


You were on level 3 of the Dungeon.
You visited 1 branch of the dungeon, and saw 3 of its levels.

You collected 160 gold pieces.

Inventory:

Hand Weapons
 a - a +0 short sword (weapon)
 p - a +0 shortbow
Missiles
 e - 5 curare-tipped darts (quivered)
 f - 40 stones
 j - 5 poisoned darts
Armour
 b - a +0 robe (worn)
 c - the +1 pair of boots of Beevest (worn) {Str+3 Int-3}
   (You found it on level 2 of the Dungeon)

   Str:       It affects your strength (+3).
   Int:       It affects your intelligence (-3).
Jewellery
 h - an amulet of faith
 i - an amulet of guardian spirit (around neck)
 l - a ring of magical power (left hand)
Wands
 k - a wand of flame (7)
 r - a wand of charming (12)
Scrolls
 d - 2 scrolls of vulnerability
 g - 4 scrolls of identify
 m - a scroll of fog
 n - a scroll of teleportation
 o - a scroll of immolation
Potions
 q - a potion of attraction


   Skills:
 - Level 2.4 Fighting
 * Level 6.6 Short Blades
 - Level 3.6 Dodging
 - Level 2.4 Stealth


You had 4 spell levels left.
You didn't know any spells.
Your spell library contained the following spells:

 Spells                   Type           Power      Damage    Failure   Level
 Tukima's Dance           Hex            0%         N/A       65%         3
 Passage of Golubria      Tloc           0%         N/A       96%         4
 Yara's Violent Unravell  Hex/Tmut       0%         3d3       100%        5


Dungeon Overview and Level Annotations

Branches:
Dungeon (3/15)

Altars:
Sif Muna
Wu Jian

Shops:
D:3 (:[


Innate Abilities, Weirdness & Mutations

You are weak. (Str -2)
You occasionally lose the ability to read scrolls when taking damage.


Message History

You feel extremely strange.
You feel frail.
Your iridescent scales disappear.
You occasionally lose the ability to read scrolls when threatened.
You feel weaker.
You feel sick. The kobold is attracted toward you.
The gnoll is attracted toward you.
You hit the gnoll.
The gnoll is moderately wounded.
You feel sick.
You hit the gnoll.
The gnoll is heavily wounded.
The kobold hits you with a +0 short sword.
The gnoll closely misses you.
You hit the gnoll but do no damage.
The gnoll is heavily wounded.
You feel sick.
The kobold hits you with a +0 short sword.
The gnoll hits you with a +0 halberd.
You feel threatened and lose the ability to read scrolls!
You hit the gnoll but do no damage.
The gnoll is heavily wounded.
You feel sick. The kobold barely misses you. The gnoll barely misses you.
You barely miss the gnoll.
The gnoll is heavily wounded.
You feel sick.
You are no longer poisoned.
You hit the gnoll but do no damage.
The gnoll is heavily wounded.
The kobold barely misses you. The gnoll hits you with a +0 halberd.
* * * LOW HITPOINT WARNING * * *
You closely miss the gnoll.
The gnoll is heavily wounded.
You can read scrolls again.
The kobold closely misses you. The gnoll hits you with a +0 halberd!
You feel threatened and lose the ability to read scrolls!
* * * LOW HITPOINT WARNING * * *
You barely miss the gnoll. You punch the gnoll, but do no damage.
The gnoll is heavily wounded.
The kobold barely misses you. The gnoll hits you with a +0 halberd!
You die...

#..............)...............
#..............#...#.##..####.)
#..................#.###..##...
#......##...####.#[...#....#...
#####..#.....###.##.....##.....
#..........................
......∩...##.......÷.......
#........÷K#............#...
#gg.#.)...#@.#..........#...
##...##g##..........#...
..gK....###..........#...
.g.....# #..........####
.....$# #..........# # .....#
#######.#### # ##### #..######
##....... ########


You could see a gnoll and a kobold.

Vanquished Creatures
  A centaur (D:3)
  Ijyb (D:3)
  6 adders
  A gnoll (D:3)
  6 dart slugs
  9 endoplasms
  2 giant cockroaches
  A goblin (D:2)
  5 hobgoblins (D:1)
  2 jackals
  4 quokkas
  4 ball pythons
  5 bats
  3 frilled lizards
  7 kobolds
  13 rats
70 creatures vanquished.

Notes
Turn   | Place    | Note
-------+----------+-------------------------------------------
     0 | D:1      | nxtlvl the Deep Elf Monk began the quest for the Orb.
     0 | D:1      | Reached XP level 1. HP: 13/13 MP: 3/3
    70 | D:1      | Reached XP level 2. HP: 2/18 MP: 4/4
   291 | D:1      | Reached skill level 4 in Short Blades
   312 | D:1      | Found a faded altar of an unknown god.
   522 | D:1      | Reached XP level 3. HP: 10/22 MP: 5/5
   755 | D:2      | Found an ornate altar of the Wu Jian Council.
   802 | D:2      | Gained mutation: You are robust. (+10% HP) [potion of
                  | mutation]
   802 | D:2      | Gained mutation: You are partially covered in iridescent
                  | scales. (AC +2) [potion of mutation]
   810 | D:2      | HP: 1/24 [poisoned by an adder]
   983 | D:2      | Identified the +1 pair of boots of Beevest {Str+3 Int-3}
  1078 | D:2      | Reached XP level 4. HP: 12/29 MP: 6/6
  1124 | D:2      | Reached skill level 5 in Short Blades
  1340 | D:3      | Noticed Ijyb
  1379 | D:3      | Killed Ijyb
  1399 | D:3      | Found Ojoss's Vocational Training.
  1453 | D:3      | Reached XP level 5. HP: 17/34 MP: 7/7
  1470 | D:3      | Found Gutadacosi's Weapon Boutique.
  1552 | D:3      | Noticed a centaur
  1568 | D:3      | Killed a centaur
  1569 | D:3      | Reached skill level 6 in Short Blades
  1613 | D:3      | Found a shimmering blue altar of Sif Muna.
  1654 | D:3      | Found Kutry's Antique Armour Boutique.
  1759 | D:3      | Lost mutation: You are robust. (+10% HP) [potion of
                  | mutation]
  1759 | D:3      | Lost mutation: You are partially covered in iridescent
                  | scales. (AC +2) [potion of mutation]
  1759 | D:3      | Gained mutation: You occasionally lose the ability to read
                  | scrolls when taking damage. [potion of mutation]
  1759 | D:3      | Gained mutation: You are weak. (Str -2) [potion of
                  | mutation]
  1767 | D:3      | Slain by a gnoll

Illustrated notes

Levels and vault maps discovered:
D:1:      dpeg_arrival_rhombus, layout_basic, serial_rivers,
          chequers_serial_rivers_micro_e, chequers_serial_rivers_micro_b,
          chequers_serial_rivers_micro_c, chequers_serial_rivers_small_a,
          chequers_serial_rivers_marsh, ebering_ecumenical_altar_box,
          minmay_tetromino_s2
D:2:      wad_river_or_something, layout_rooms, basic_altar,
          minmay_misc_feat_ornament
D:3:      layout_rooms, led_sif_book, serial_shops, shop,
          nicolae_shop_bloodbath_and_beyond, nicolae_shop_vocational, uniq_ijyb

Skill      XL: |  1  2  3  4  5 |
---------------+----------------+-----
Short Blades   | 4 5 6 |  6.6
Fighting       | |  2.4
Dodging        | |  3.6
Stealth        | |  2.4

Action                   |  1- 3 |  4- 6 || total
-------------------------+-------+-------++-------
Melee: Short sword       |   193 |   122 ||   315
       Punch             |     3 |     1 ||     4
Throw: Dart              |     2 |     3 ||     5
Evoke: Wand              |       |     5 ||     5
  Use: Potion            |     3 |     3 ||     6
       Scroll            |       |     4 ||     4
 Stab: Sleeping          |     7 |     4 ||    11
       Distracted        |     1 |       ||     1
Armor: Robe              |    30 |    25 ||    55
Dodge: Dodged            |   112 |    67 ||   179

Table legend: (Time is in decaauts)
 A = Elapsed time spent in this place.
 B = Non-inter-level travel time spent in this place.
 C = Inter-level travel time spent in this place.
 D = Time resting spent in this place.
 E = Time spent auto-exploring this place.
 F = Levels seen in this place.
 G = Mean time per level.
                   A        B        C        D        E       F      G
               +--------+--------+--------+--------+--------+-----+--------+
         Total |   1733 |   1607 |    126 |      0 |      8 |   3 |  577.7 |
       Dungeon |   1733 |   1607 |    126 |      0 |      8 |   3 |  577.7 |
               +--------+--------+--------+--------+--------+-----+--------+

Top non-repeatable levels by time:
     D:1: 789 daAuts
     D:2: 479 daAuts
     D:3: 465 daAuts
